 Dungeon Crawl Stone Soup version 0.28.0-43-g3370ac3207 (webtiles) character file.

Game seed: 9117234188420016265

13 fcSolar the Cudgeller (level 2, -3/27 HPs)
             Began as a Minotaur Berserker on Mar 8, 2022.
             Was a Follower of Trog.
             Slain by an ogre
             ... wielding a +0 giant club
              (16 damage)
             ... on level 2 of the Dungeon.
             The game lasted 00:01:16 (957 turns).

fcSolar the Cudgeller (Minotaur Berserker)           Turns: 957, Time: 00:01:16

Health: -3/27      AC:  2    Str: 21    XL:     2   Next: 24%
Magic:  1/1        EV: 12    Int:  4    God:    Trog [*.....]
Gold:   34         SH:  0    Dex:  9    Spells: 1/1 levels left

rFire   . . .      SeeInvis .   a - +0 mace
rCold   . . .      Faith    .   (no shield)
rNeg    . . .      Spirit   .   b - +0 animal skin
rPois   .          Reflect  .   (helmet restricted)
rElec   .          Harm     .   (no cloak)
rCorr   .          Rampage  .   (no gloves)
Will    .....                   (no boots)
Stlth   +.........              (no amulet)
HPRegen 0.09/turn               (no ring)
MPRegen 0.07/turn               (no ring)

@: no status effects
A: horns 2, retaliatory headbutt
a: Renounce Religion, Berserk


You were on level 2 of the Dungeon.
You worshipped Trog.
Trog was aware of your devotion.
You visited 1 branch of the dungeon, and saw 2 of its levels.

You collected 34 gold pieces.

Inventory:

Hand Weapons
 a - a +0 mace (weapon)
Armour
 b - a +0 animal skin (worn)
Scrolls
 d - a scroll of blinking


   Skills:
 + Level 4.0 Fighting
 + Level 4.0 Maces & Flails
 + Level 2.5 Armour
 + Level 2.3 Dodging


You had one spell level left.
You didn't know any spells.
Your spell library was empty.

Dungeon Overview and Level Annotations

Branches:
Dungeon (2/15)

Altars:


Innate Abilities, Weirdness & Mutations

You have a pair of horns on your head.
You reflexively headbutt those who attack you in melee.


Message History

Trog accepts your kill.
No target in view!
HP restored.
Things that are here:
a +0 dagger; a goblin corpse You see here 23 stones.
You see here 8 bolts.
You open the door.
There is an open door here.
A giant cockroach comes into view.
A giant cockroach is nearby!
Found a hand axe.
An ogre comes into view. It is wielding a +0 giant club.
A rat comes into view.
You hit the giant cockroach.
The giant cockroach is heavily wounded.
The giant cockroach closely misses you. x2; You furiously retaliate!
You headbutt the giant cockroach, but do no damage.
You barely miss the giant cockroach. You headbutt the giant cockroach.
You kill the giant cockroach!
Trog accepts your kill.
Your Fighting skill increases to level 4!
You hit the ogre.
The ogre is lightly wounded.
The ogre hits you with a +0 giant club!
You sock the ogre! Your headbutt misses the ogre.
The ogre is heavily wounded.
The ogre misses you.
You barely miss the ogre. Your headbutt misses the ogre.
The ogre is heavily wounded.
The rat bites you. The ogre barely misses you.
You are too injured to fight recklessly!
You are too injured to fight recklessly!
You are too injured to fight recklessly!
You are too injured to fight recklessly!
You hit the ogre.
The ogre is heavily wounded.
The rat closely misses you. The ogre hits you with a +0 giant club!
Ouch! That really hurt!
You die...

... .... ... ....
..# ... #.#
#.#####.### ..
###.........# .###
#......##.#.#....#
#....Or...#.#..#.#
#....@.##........#
#...†..##........#
#......+.........#
#.....)###.......#
#......#.'.......#
###+######.......##
..........<....#
#######(.....#####
#...............


You could see an ogre and a rat.

Vanquished Creatures
  An endoplasm (D:1)
  2 giant cockroaches
  2 goblins
  A hobgoblin (D:1)
  2 ball pythons (D:2)
  2 frilled lizards (D:1)
  2 kobolds (D:1)
12 creatures vanquished.

Notes
Turn   | Place    | Note
-------+----------+-------------------------------------------
     0 | D:1      | fcSolar the Minotaur Berserker began the quest for the Orb.
     0 | D:1      | Reached XP level 1. HP: 19/19 MP: 0/0
   580 | D:1      | Reached XP level 2. HP: 27/27 MP: 1/1
   786 | D:2      | Found a faded altar of an unknown god.
   949 | D:2      | Noticed an ogre
   957 | D:2      | Slain by an ogre

Illustrated notes

Levels and vault maps discovered:
D:1:      tarquinn_simple_flora_water_c, layout_loops_cross
D:2:      layout_basic, ebering_ecumenical_altar_petrified

Skill      XL: |  1  2 |
---------------+-------+-----
Maces & Flails | 4 |  4.0
Fighting       | 4 |  4.0
Armour         | |  2.5
Dodging        | |  2.3

Action                   || total
-------------------------++-------
Melee: Mace              ||    34
       Headbutt          ||     2
  Use: Scroll            ||     1
Armor: Animal skin       ||     6
Dodge: Dodged            ||    24
